 Dungeon Crawl Stone Soup version 0.23-a0-449-g8e4cbf7 (webtiles) character file.

163 pmoppi the Sneak (level 5, -2/39 HPs)
             Began as a Vampire Assassin on Nov 22, 2018.
             Slain by Sigmund
             ... wielding a +0 scythe
              (5 damage)
             ... on level 3 of the Dungeon.
             The game lasted 00:03:36 (2293 turns).

pmoppi the Sneak (Vampire Assassin)                 Turns: 2293, Time: 00:03:37

Health: -2/39      AC:  4    Str: 10    XL:     5   Next: 20%
Magic:  5/5        EV: 13    Int: 15    God:
Gold:   36         SH:  0    Dex: 15    Spells: 4/4 levels left

rFire    . . .     SeeInvis +   a - +2 dagger
rCold    + + .     Gourm    .   (no shield)
rNeg     + + +     Faith    .   c - +0 robe
rPois    ∞         Spirit   .   (no helmet)
rElec    .         Reflect  .   d - +0 cloak
rCorr    .         Harm     .   (no gloves)
MR       .....                  m - +0 pair of boots
Stlth    +++.......             (no amulet)
HPRegen  0.00/turn              (no ring)
MPRegen  0.09/turn              (no ring)

@: confused, bloodless, non-regenerating
A: fangs 3, see invisible, unbreathing
a: Bat Form


You were on level 3 of the Dungeon.
You were bloodless.

You visited 1 branch of the dungeon, and saw 3 of its levels.

You collected 36 gold pieces.

Inventory:

Hand Weapons
 a - a +2 dagger (weapon)
 b - a +0 blowgun
Missiles
 e - 19 poisoned needles
 f - 2 curare-tipped needles
Armour
 c - a +0 robe (worn)
 d - a +0 cloak (worn)
 m - a +0 pair of boots (worn)
Jewellery
 h - a +3 amulet of reflection {unknown}
 i - a cursed -2 ring of protection {unknown}
 q - an uncursed ring of protection from magic {unknown}
Scrolls
 k - a scroll of enchant armour {unknown}
 l - a scroll of magic mapping {unknown}
 n - a scroll of immolation {unknown}
 o - 3 scrolls of remove curse {unknown}
 s - 2 scrolls of identify {unknown}
 t - 2 scrolls of teleportation {unknown}
Potions
 g - 19 potions of blood
 j - a potion of cancellation {unknown}
 p - a potion of agility {unknown}
 r - a potion of lignification {unknown}
 u - a potion of heal wounds {unknown}


   Skills:
 + Level 2.6 Fighting
 * Level 4.1 Short Blades
 - Level 1.5 Throwing
 + Level 2.5 Dodging
 + Level 6.9 Stealth


You had 4 spell levels left.
You didn't know any spells.
Your spell library was empty.

Dungeon Overview and Level Annotations

Branches:
Dungeon (3/15)

Altars:
Cheibriados
Okawaru

Annotations:
D:3 Sigmund


Innate Abilities, Weirdness & Mutations

You do not heal naturally.
You are immune to poison.
You have razor-sharp teeth.
You have supernaturally acute eyesight. (SInv)
You can survive without breathing.


Message History

You hit Sigmund but do no damage.
Sigmund is severely wounded.
Sigmund points at you and mumbles some strange words.
The puff of flame hits you!
You hit Sigmund.
Sigmund is severely wounded.
Sigmund casts a spell at you. The magic dart hits you!
* * * LOW HITPOINT WARNING * * *
You closely miss Sigmund.
Sigmund is severely wounded.
Sigmund points at you and mumbles some strange words.
You are confused.
You bump into the rock wall.
Sigmund hits you with a +0 scythe.
* * * LOW HITPOINT WARNING * * *
You closely miss Sigmund.
Sigmund is severely wounded.
Unknown command.
You bump into the rock wall.
Sigmund hits you with a +0 scythe.
You die...

### #.. #.# #.# #.#
##### #.#
##..#######...# #..
.....b@@......##########
....#######.............
# ############## # # ###
#.. #.# #.#


You could see Sigmund and a bat.

Vanquished Creatures
  A centaur (D:2)
  3 adders
  An ooze (D:2)
  A worm (D:2)
  4 leopard geckos
  3 giant cockroaches
  4 goblins
  8 hobgoblins
  3 jackals (D:1)
  A ball python (D:2)
  3 bats
  3 frilled lizards
  6 kobolds
  6 rats
47 creatures vanquished.

Notes
Turn   | Place    | Note
-------+----------+-------------------------------------------
     0 | D:1      | pmoppi the Vampire Assassin began the quest for the Orb.
     0 | D:1      | Reached XP level 1. HP: 16/16 MP: 1/1
   185 | D:1      | Reached skill level 6 in Stealth
   200 | D:1      | Reached XP level 2. HP: 8/22 MP: 2/2
  1043 | D:2      | Reached XP level 3. HP: 24/27 MP: 3/3
  1099 | D:2      | Found an iron altar of Okawaru.
  1455 | D:2      | Noticed a centaur
  1461 | D:2      | Killed a centaur
  1461 | D:2      | Reached XP level 4. HP: 34/34 MP: 4/4
  1510 | D:2      | Reached XP level 5. HP: 36/39 MP: 5/5
  1853 | D:3      | Found a snail-covered altar of Cheibriados.
  2264 | D:3      | Noticed Sigmund
  2293 | D:3      | Slain by Sigmund

Vault maps used:
D:1:      scummos_arrival_simple_fountains, st_stairs_9
D:2:      okawaru_gym_becter
D:3:      lemuel_round_altar, first_ration, uniq_grinder, uniq_sigmund,
          uniq_jessica

Skill      XL: |  1  2  3  4 |
---------------+-------------+-----
Stealth        | 6 |  6.9
Fighting       | 2 |  2.6
Short Blades   | 3 4 |  4.1
Dodging        | 2 |  2.5
Throwing       | |  1.5

Action                   |  1- 3 |  4- 6 || total
-------------------------+-------+-------++-------
Melee: Dagger            |   104 |    81 ||   185
       Bite              |    16 |     6 ||    22
 Stab: Sleeping          |     4 |     4 ||     8
Armor: Robe              |    25 |    10 ||    35
Dodge: Dodged            |    69 |    33 ||   102

Table legend:
 A = Non-vault XP
 B = Vault XP
 C = Vault XP percentage of total XP
 D = Non-vault monster count
 E = Vault monster count
 F = Vault count percentage of total count
                 A         B        C        D         E       F
            +---------+---------+-------+---------+---------+-------
      Total |     231 |       3 |   1.3 |      45 |       2 |   4.3
            +---------+---------+-------+---------+---------+-------
        D:1 |      30 |       3 |   9.1 |      17 |       2 |  10.5
        D:2 |     175 |       0 |   0.0 |      19 |       0 |   0.0
        D:3 |      26 |       0 |   0.0 |       9 |       0 |   0.0
            +---------+---------+-------+---------+---------+-------
